 Dungeon Crawl Stone Soup version 0.30.0-18-gc0e69614cb (webtiles) character file.

Game seed: 8852364528309230161

112 Hades the Trooper (level 4, -20/35 HPs)
             Began as a Demonspawn Fighter on May 24, 2023.
             Killed by an exploding goblin (25 damage)
             ... ignited by their inner flame
             ... on level 3 of the Dungeon.
             The game lasted 00:11:11 (2331 turns).

Hades the Trooper (Demonspawn Fighter)              Turns: 2331, Time: 00:11:14

Health: -20/35     AC:  6    Str: 16    XL:     4   Next: 64%
Magic:  4/5        EV:  9    Int: 11    God:
Gold:   118        SH:  6    Dex: 21    Spells: 4/4 levels left

rFire   . . .        a - +0 war axe
rCold   . . .        c - +0 buckler
rNeg    . . .        b - +0 scale mail
rPois   .            (helmet restricted)
rElec   .            (no cloak)
rCorr   .            (no gloves)
SInv    .            (no boots)
Will    .....        (no amulet)
Stlth   +            g - +6 ring of dexterity
HPRegen 0.25/turn    (no ring)
MPRegen 0.09/turn

%: no passive effects
@: about to teleport
A: antennae 1, thin skeletal structure 1
a: no special abilities


You were on level 3 of the Dungeon.
You visited 1 branch of the dungeon, and saw 3 of its levels.

You collected 118 gold pieces.

Inventory:

Hand Weapons
 a - a +0 war axe (weapon)
Armour
 b - a +0 scale mail (worn)
 c - a +0 buckler (worn)
 p - a +0 scale mail
Jewellery
 g - a +6 ring of dexterity (left hand)
Scrolls
 h - 3 scrolls of identify
 j - a scroll of teleportation
 k - a scroll of brand weapon {unknown}
 m - a scroll of immolation
Potions
 d - 2 potions of might
 e - 2 potions of lignification {unknown}
 f - a potion of attraction {unknown}
 i - a potion of curing {unknown}
 l - 2 potions of haste {unknown}
 n - a potion of flight {unknown}
 o - a potion of heal wounds {unknown}
 q - a potion of ambrosia {unknown}


   Skills:
 + Level 3.4 Fighting
 + Level 3.1 Axes
 + Level 3.2 Armour
 + Level 0.2 Dodging
 + Level 3.1 Shields
 * Level 0.8 Spellcasting


You had 4 spell levels left.
You didn't know any spells.
Your spell library was empty.

Dungeon Overview and Level Annotations

Branches:
Dungeon (3/15)

Altars:
Kikubaaqudgha
Ru
Wu Jian

Annotations:
D:3 1 runed translucent door, BlasphemerAmon's ghost, amateur GnRe; Robin


Innate Abilities, Weirdness & Mutations

You have a pair of small antennae on your head.
You have a somewhat thin skeletal structure. (Dex +2, Stealth+)


Message History

You block the goblin's attack. The goblin hits you but does no damage.
You hit the goblin.
The goblin is heavily wounded.
You closely miss the goblin. You hit the goblin.
You kill the goblin!
The goblin hits you with a +0 club.
* * * LOW HITPOINT WARNING * * *
Sorry, you're not good enough to have a special ability.
As you read the scroll of immolation, it crumbles to dust.
The creatures around you are filled with an inner flame!
The goblin no longer looks unusually strong.
The goblin hits you with a +0 dagger.
* * * LOW HITPOINT WARNING * * *
The goblin hits you but does no damage. The goblin hits you with a +0 club.
* * * LOW HITPOINT WARNING * * *
You block the goblin's attack.
As you read the scroll of teleportation, it crumbles to dust.
You feel strangely unstable.
The goblin no longer looks unusually strong.
The goblin hits you with a +0 dagger.
* * * LOW HITPOINT WARNING * * *
The goblin hits you but does no damage. The goblin closely misses you.
The goblin hits you but does no damage.
The goblin no longer looks unusually strong.
The goblin misses you. Robin throws the goblin at you!
The goblin hits you but does no damage.
You barely miss the goblin. x3; You closely miss the goblin.
The goblin no longer looks unusually strong.
The goblin hits you but does no damage. x2; The goblin hits you with a +0 club.
* * * LOW HITPOINT WARNING * * *
The goblin hits you but does no damage. The goblin closely misses you.
The goblin hits you but does no damage. You block the goblin's attack.
The goblin hits you but does no damage.
You closely miss the goblin. You slash the goblin! You hit the goblin.
You closely miss the goblin.
The goblin explodes!
The fiery explosion engulfs the goblin!!
The fiery explosion engulfs you!!
Ouch! That really hurt!
You die...

....?........#
.....#...≈≈......#
.....#...l≈..≈≈..##
....#.......S≈≈...#
....#.......g.....#
....#..##..g...gSl#
....#..##.....##gg#
....#.........##)g#
.....#....♣♣...§@##
.....#....♣♣....§#
##.#...........§##
##.######.....###
#..# ####### ..##
.### ...# ...#


You could see Robin (inner flame), an adder (inner flame), 3 goblins and a
frilled lizard.

Vanquished Creatures
  Jessica (D:2)
  2 adders (D:2)
  A worm (D:2)
  An orc (D:3)
  3 ball pythons
  3 bats (D:1)
  3 endoplasms
  4 giant cockroaches
  13 goblins
  6 hobgoblins
  2 jackals (D:1)
  6 kobolds
  5 quokkas (D:1)
  6 frilled lizards
  4 rats
60 creatures vanquished.

Notes
Turn   | Place    | Note
-------+----------+-------------------------------------------
     0 | D:1      | Hades the Demonspawn Fighter began the quest for the Orb.
     0 | D:1      | Reached XP level 1. HP: 18/18 MP: 1/1
   305 | D:1      | Gained mutation: You have a pair of small antennae on your
                  | head. [demonic ancestry]
   305 | D:1      | Reached XP level 2. HP: 24/24 MP: 2/2
   620 | D:1      | Gained mutation: You have a somewhat thin skeletal
                  | structure. (Dex +2, Stealth+) [demonic ancestry]
   620 | D:1      | Reached XP level 3. HP: 23/29 MP: 3/3
  1530 | D:2      | Noticed Jessica
  1535 | D:2      | Killed Jessica
  1536 | D:2      | Reached XP level 4. HP: 22/35 MP: 4/4
  1883 | D:3      | Found a sacrificial altar of Ru.
  1956 | D:3      | Found a runed translucent door.
  1956 | D:3      | Noticed BlasphemerAmon's ghost (amateur GnRe)
  2128 | D:3      | Found an ancient bone altar of Kikubaaqudgha.
  2298 | D:3      | Found an ornate altar of the Wu Jian Council.
  2312 | D:3      | Noticed Robin
  2331 | D:3      | Killed by an exploding goblin... ignited by their inner
                  | flame

Illustrated notes

Levels and vault maps discovered:
D:1:      dpeg_cavernosity, layout_basic, grunt_decor_fettered
D:2:      layout_loops_ring, hangedman_abyss_or_decor_stabs, uniq_jessica
D:3:      layout_basic, grunt_dithmenos_smoke_and_mirrors, lemuel_doored_altar,
          lemuel_crystal_altar, nicolae_wu_jian_wuxing_cycle,
          hellmonk_ghost_happy_afterlife, uniq_robin

Skill      XL: |  1  2  3 |
---------------+----------+-----
Shields        | 3 |  3.1
Axes           | 2 3 |  3.1
Armour         | 3 |  3.2
Fighting       | |  3.4
Dodging        | |  0.2
Spellcasting   | |  0.8

Action                     |  1- 3 |  4- 6 || total
---------------------------+-------+-------++-------
  Melee: War axe           |   117 |    35 ||   152
    Use: Scroll            |     4 |     2 ||     6
   Stab: Sleeping          |       |     1 ||     1
 Armour: Scale mail        |    74 |    24 ||    98
  Dodge: Dodged            |    47 |    17 ||    64
  Block: Buckler           |    34 |    15 ||    49
